 Dungeon Crawl Stone Soup version 0.21.1-1-g345015fe64 (webtiles) character file.

130390 Masnef the Eclecticist (level 16, -1/80 HPs)
             Began as a Spriggan Enchanter on June 28, 2018.
             Was the Champion of Kikubaaqudgha.
             Slain by a six-headed hydra (8 damage)
             ... on level 4 of the Swamp.
             The game lasted 03:15:03 (42653 turns).

Masnef the Eclecticist (Spriggan Enchanter)        Turns: 42653, Time: 03:15:05

Health: -1/80      AC:  6    Str:  8    XL:     16   Next: 52%
Magic:  20/37      EV: 26    Int: 25    God:    Kikubaaqudgha [******]
Gold:   2261       SH:  9    Dex: 23    Spells: 8/48 levels left

rFire    . . .     SeeInvis +   X - +5 rapier "Juppun" {freeze, rElec Str+4}
rCold    + . .     Gourm    .   f - +0 buckler
rNeg     . . .     Faith    .   M - +2 robe {rC+}
rPois    .         Spirit   .   (helmet restricted)
rElec    +         Reflect  .   l - +1 cloak
rCorr    .         Harm     .   (gloves unavailable)
MR       ++...                  (boots unavailable)
Stlth    +++++++...             Q - amulet of regeneration
HPRegen  0.63/turn              x - +6 ring of dexterity
MPRegen  0.25/turn              E - +2 ring of intelligence

@: very quick
A: very small, unfitting armour, see invisible, herbivore, speed 3, slow
metabolism 2
a: Receive Corpses, Torment, Brand Weapon With Pain, Receive Necronomicon,
Renounce Religion


You were on level 4 of the Swamp.
You worshipped Kikubaaqudgha.
Kikubaaqudgha was exalted by your worship.
You were not hungry.

You visited 6 branches of the dungeon, and saw 29 of its levels.
You also visited: Labyrinth and Sewer.

You collected 2261 gold pieces.

Inventory:

Hand Weapons
 v - a +2 dagger of venom
 D - a +0 dagger of holy wrath
 X - the +5 rapier "Juppun" (weapon) {freeze, rElec Str+4}
   (You found it on level 3 of the Swamp)

   It has been specially enchanted to freeze those struck by it, causing extra
   injury to most foes and up to half again as much damage against particularly
   susceptible opponents.
   It can also slow down cold-blooded creatures.
   It affects your strength (+4).
   It insulates you from electricity.
Armour
 a - the +1 robe "Xuinoog" {-Tele rF++ Str+4}
   (You found it on level 2 of the Lair of Beasts)

   It affects your strength (+4).
   It greatly protects you from fire.
   It prevents most forms of teleportation.
 b - a +2 robe of magic resistance
 c - +0 acid dragon scales
 f - a +0 buckler (worn)
 l - a +1 cloak (worn)
 n - +0 swamp dragon scales
 M - a +2 robe of cold resistance (worn)
Jewellery
 x - a +6 ring of dexterity (left hand)
 y - an uncursed amulet of magic regeneration
 A - an uncursed ring of resist corrosion
 E - a +2 ring of intelligence (right hand)
 I - an uncursed ring of poison resistance
 P - an uncursed ring of wizardry
 Q - an amulet of regeneration (around neck)
 T - an uncursed ring of protection from fire
 Y - an uncursed ring of positive energy
 Z - the ring of Oenomania {-Tele rElec rF+ MR+ Str+3}
   (You found it on level 6 of the Lair of Beasts)

   [ring of strength]

   It affects your strength (+3).
   It protects you from fire.
   It insulates you from electricity.
   It affects your resistance to hostile enchantments.
   It prevents most forms of teleportation.
Wands
 p - a wand of acid (31)
 s - a wand of iceblast (6)
Scrolls
 e - 7 scrolls of identify
 g - 12 scrolls of teleportation
 j - a scroll of immolation
 m - 5 scrolls of fear
 o - 15 scrolls of remove curse
 q - 6 scrolls of blinking
 u - 2 scrolls of fog
 H - 2 scrolls of holy word
 L - a scroll of magic mapping
Potions
 h - 4 potions of mutation
 i - 3 potions of flight
 k - 3 potions of brilliance
 r - a potion of berserk rage
 t - 9 potions of curing
 w - 3 potions of agility
 z - a potion of resistance
 B - a potion of might
 N - a potion of invisibility
 R - a potion of haste
 S - 2 potions of magic
 V - a potion of ambrosia
Books
 C - Kikubaaqudgha's Incunabulum of Darkness
   (Kikubaaqudgha gifted it to you on level 8 of the Dungeon)

   Spells                             Type                      Level
   a - Animate Skeleton               Necromancy                   1
   b - Pain                           Necromancy                   1
   c - Sublimation of Blood           Necromancy                   2
   d - Vampiric Draining              Necromancy                   3
 F - a book of Air

   Spells                             Type                      Level
   a - Shock                          Conjuration/Air              1
   b - Swiftness                      Charms/Air                   2
   c - Static Discharge               Conjuration/Air              3
   d - Airstrike                      Air                          4
   e - Lightning Bolt                 Conjuration/Air              5
 G - a book of Geomancy

   Spells                             Type                      Level
   a - Sandblast                      Earth                        1
   b - Passwall                       Transmutation/Earth          2
   c - Stone Arrow                    Conjuration/Earth            3
   d - Petrify                        Transmutation/Earth          4
   e - Lee's Rapid Deconstruction     Earth                        5
 J - a book of Conjurations

   Spells                             Type                      Level
   a - Magic Dart                     Conjuration                  1
   b - Searing Ray                    Conjuration                  2
   c - Dazzling Spray                 Conjuration/Hexes            3
   d - Fulminant Prism                Conjuration/Hexes            4
   e - Force Lance                    Conjuration/Translocation    4
   f - Iskenderun's Mystic Blast      Conjuration                  4
 K - Kikubaaqudgha's Disquisition on Evil
   (Kikubaaqudgha gifted it to you on level 10 of the Dungeon)

   Spells                             Type                      Level
   a - Excruciating Wounds            Charms/Necromancy            5
   b - Bolt of Draining               Conjuration/Necromancy       5
   c - Agony                          Necromancy                   5
   d - Dispel Undead                  Necromancy                   5
   e - Simulacrum                     Ice/Necromancy               6
 O - a book of Necromancy

   Spells                             Type                      Level
   a - Pain                           Necromancy                   1
   b - Animate Skeleton               Necromancy                   1
   c - Vampiric Draining              Necromancy                   3
   d - Regeneration                   Charms/Necromancy            3
   e - Animate Dead                   Necromancy                   4
   f - Borgnjor's Vile Clutch         Necromancy/Earth             5
 U - Sif Muna's Incunabulum of Ghastly Creation
   (You found it in a labyrinth)

   Spells                             Type                      Level
   a - Summon Small Mammal            Summoning                    1
   b - Corpse Rot                     Necromancy                   2
   c - Call Imp                       Summoning                    2
   d - Excruciating Wounds            Charms/Necromancy            5
   e - Spellforged Servitor           Conjuration/Summoning        7
 W - a book of Burglary

   Spells                             Type                      Level
   a - Swiftness                      Charms/Air                   2
   b - Passwall                       Transmutation/Earth          2
   c - Passage of Golubria            Translocation                4
   d - Lee's Rapid Deconstruction     Earth                        5
   e - Darkness                       Hexes                        6
   f - Invisibility                   Hexes                        6
Comestibles
 d - 26 rations


   Skills:
 * Level 7.5 Fighting
 + Level 8.1 Short Blades
 - Level 4.0 Armour
 + Level 8.6 Dodging
 - Level 15.5 Stealth
 - Level 7.2 Shields
 * Level 16.6 Spellcasting
 - Level 3.0 Conjurations
 - Level 12.0 Hexes
 * Level 12.6 Necromancy
 - Level 4.9 Ice Magic
 - Level 3.0 Earth Magic


You had 8 spell levels left.
You knew the following spells:

 Your Spells              Type           Power        Failure   Level  Hunger
a - Agony                 Necr           ######..     1%          5    None
b - Ensorcelled Hibernat  Hex/Ice        ######       1%          2    None
c - Confuse               Hex            ######..     1%          3    None
d - Dazzling Spray        Conj/Hex       ######       1%          3    None
e - Corona                Hex            ######.      1%          1    None
f - Invisibility          Hex            ######..     2%          6    ####...
g - Borgnjor's Vile Clut  Necr/Erth      ######....   2%          5    None
h - Bolt of Draining      Conj/Necr      ######....   2%          5    None
i - Simulacrum            Ice/Necr       ######....   10%         6    ####...
o - Animate Dead          Necr           N/A          1%          4    None


Dungeon Overview and Level Annotations

Branches:
Dungeon (15/15)            Temple (1/1) D:5            Lair (6/6) D:8
  Swamp (4/4) Lair:2        Snake (0/4) Lair:4        Slime (0/5) Lair:6
    Orc (2/2) D:9             Elf (0/3) Orc:2        Vaults (0/5) D:14
 Depths (1/5) D:15

Altars:
Ashenzari
Cheibriados
Dithmenos
Elyvilon
Fedhas
Gozag
Hepliaklqana
Kikubaaqudgha
Makhleb
Nemelex Xobeh
Okawaru
Qazlal
Ru
Sif Muna
Trog
Uskayaw
Vehumet
Wu Jian
Xom
Yredelemnul
Zin
The Shining One
Beogh

Shops:
Orc:1 %   Orc:2 *:%([

Annotations:
Swamp:4 Lernaean hydra


Innate Abilities, Weirdness & Mutations

You are very small and have problems with some larger weapons.
You are too small for most types of armour.
You have supernaturally acute eyesight. (SInv)
You are a herbivore.
You cover ground extremely quickly.
You need consume almost no food.


Message History

Casting: Confuse
Confirm with . or Enter, or press ? or * to list all spells.
Aiming: Confuse
Press: ? - help, Shift-Dir - straight line, f/p - six-headed hydra
Aim: a six-headed hydra (water, chance to defeat MR: 48%)
The six-headed hydra resists with some effort.
The six-headed hydra bites you! x2
You block the six-headed hydra's attack. x2
The six-headed hydra barely misses you. x2; The spriggan rider throws a stone.
The stone hits you!
The spriggan rider throws a stone.
The stone closely misses you.
You hear a splash.
The six-headed hydra closely misses you.
The six-headed hydra bites you!
* * * LOW HITPOINT WARNING * * *
The six-headed hydra bites you!
* * * LOW HITPOINT WARNING * * *
The six-headed hydra bites you!
You die...
Kikubaaqudgha rasps: "You have failed me!
Welcome... death!"

♣♣≈≈♣♣ ♣♣♣♣♣ ♣.....♣♣♣♣
♣♣♣♣?.≈≈♣♣♣♣§..♣♣♣♣♣≈≈≈..♣♣≈♣
♣§..≈..≈♣..≈≈≈.≈♣♣≈.≈≈≈≈.≈≈≈.
♣...≈≈≈.≈§.((≈≈♣♣♣≈≈≈≈≈≈.≈.≈≈
♣♣.≈§≈≈≈≈≈.<§≈≈≈.♣♣.≈§≈≈..♣♣..
♣?≈≈≈≈≈≈≈≈≈(≈(≈..♣♣♣♣.≈≈...♣≈≈
.≈≈≈≈...≈≈§≈....♣♣..♣.≈≈..≈≈≈≈
≈≈≈≈≈...(≈.)D...♣♣..≈≈≈≈≈≈≈≈≈≈
≈≈≈≈≈≈≈D((≈.≈@≈≈≈♣.≈♣♣♣♣♣.≈≈≈≈
≈≈≈≈≈≈≈≈(≈≈.≈.§v.).♣♣ ♣♣♣≈§≈
≈≈≈≈≈≈i≈≈≈..≈§..[.≈♣ ♣♣..
.≈≈≈≈≈≈≈≈≈≈≈§.....≈♣ ♣♣♣
≈≈≈≈≈≈.≈≈≈≈≈≈≈≈.≈≈≈.♣
≈≈≈≈≈≈.≈≈≈≈≈≈≈≈..≈≈≈.♣
i≈≈≈≈≈≈≈≈≈≈≈≈≈§♣♣≈≈≈.≈.≈
≈≈≈≈≈≈≈≈..♣♣♣♣♣≈≈.≈≈≈
≈≈≈≈≈≈≈.§♣♣ ≈♣≈≈≈≈


You could see a six-headed hydra, a swamp dragon, a spriggan rider and an
insubstantial wisp.

Vanquished Creatures
  Jorgrun (Swamp:2)
  Rupert (D:14)
  A thorn hunter (Swamp:3)
  An orc warlord (Orc:2)
  Aizul (Swamp:4)
  A stone giant (D:14)
  2 entropy weavers (Lair:5)
  The ghost of Peloso the Fencer, a journeyman MiFi of Okawaru (D:13)
  Nessos (D:14)
  5 dire elephants (Lair:6)
  A minotaur (Lab)
  An ice dragon (D:14)
  4 alligators (Swamp:2)
  9 hydras
  A ghost crab (Swamp:1)
  Erica (Orc:1)
  2 centaur warriors (D:14)
  The ghost of Kohma the Cleaver, a novice MiFi of Okawaru (D:8)
  An anaconda (Lair:6)
  2 ogre magi
  6 two-headed ogres
  A queen ant (Lair:5)
  2 orc high priests
  Urug (D:14)
  2 glowing orange brains
  4 unseen horrors
  A phantasmal warrior (D:14)
  A swamp dragon (Swamp:2)
  A shambling mangrove (Swamp:3)
  The ghost of nawrastar the Charmwright, a novice GnSk of Nemelex Xobeh (D:7)
  Pikel (D:4)
  6 orc knights
  A mana viper (shapeshifter) (D:15)
  4 manticores
  5 orc sorcerers (Orc:2)
  3 cyclopes
  12 ugly things (D:15)
  2 oklob plants
  12 elephants
  A black mamba (Lair:6)
  14 spiny frogs
  4 rime drakes
  4 komodo dragons
  A kobold demonologist (D:14)
  2 yaktaurs
  3 efreet
  A freezing wraith (D:13)
  10 trolls
  3 meliai (D:15)
  A polar bear (Lair:2)
  4 tyrant leeches
  10 slime creatures
  12 hornets
  23 blink frogs
  3 bog bodies (Swamp:1)
  9 dream sheep (Lair:6)
  4 hippogriffs
  A blink frog (shapeshifter) (D:15)
  A redback (shapeshifter) (D:15)
  3 spriggans
  A vampire (D:13)
  25 yaks
  3 fire elementals (Lair:2)
  3 wraiths
  3 wyverns
  15 humans
  3 fire bats (Lair:2)
  A basilisk (Lair:5)
  5 vampire mosquitoes
  A hungry ghost (D:10)
  2 nagas (Lair:4)
  10 swamp worms
  4 wargs
  4 soldier ants (Lair:5)
  An acid dragon (D:13)
  11 water moccasins
  The ghost of raetorn the Slasher, an amateur VSBe of Trog (D:3)
  7 porcupines
  5 swamp drakes
  Duvessa (D:4)
  3 ice beasts
  4 sky beasts
  35 orc warriors
  An eye of draining (D:12)
  9 ogres
  A black bear (D:6)
  4 necrophages
  A phantom (D:4)
  11 wolves
  5 centaurs
  17 crocodiles
  The ghost of Kohma the Vandal, an amateur HaHu (D:4)
  Blork the orc (Orc:2)
  6 big kobolds
  17 bullfrogs
  Dowan (D:4)
  A wyvern skeleton (D:14)
  6 scorpions
  3 killer bees (D:12)
  15 wights
  An electric eel (Lair:5)
  4 howler monkeys
  6 bullfrog zombies
  3 lava snakes (Lair:2)
  8 crimson imps
  A quasit (D:11)
  2 centaur zombies
  10 hounds
  18 jellies
  16 orc priests
  Crazy Yiuf (D:2)
  4 iguanas
  A bullfrog skeleton (D:4)
  4 centaur skeletons
  24 orc wizards
  15 worker ants
  2 hound zombies
  2 hound skeletons (D:5)
  3 worker ant zombies (D:9)
  2 mummies (D:9)
  3 gnolls
  A gnoll (shapeshifter) (D:15)
  14 adders
  2 shadow imps
  7 oozes
  2 adder skeletons
  2 worms
  A dart slug (D:1)
  9 leopard geckos
  100 orcs
  3 ball pythons
  4 bats
  A bat zombie (D:6)
  7 giant cockroaches
  6 hobgoblins
  8 jackals
  33 kobolds
  4 quokkas
  7 frilled lizards
  A giant cockroach zombie (D:6)
  10 goblins
  A jackal skeleton (D:4)
  A leopard gecko skeleton (D:4)
  A leopard gecko zombie (D:7)
  5 rats
  A rat zombie (D:6)
  A fire vortex (Lair:2)
  A fungus (Lair:5)
  3 plants
832 creatures vanquished.

Vanquished Creatures (collateral kills)
  A thorn hunter (Swamp:3)
  A dire elephant (Lair:6)
  8 hydras
  2 alligators (Swamp:3)
  6 swamp dragons
  2 shambling mangroves
  2 ugly things (D:15)
  An orc sorcerer (Orc:2)
  5 slime creatures
  An elephant (Lair:5)
  5 spiny frogs
  2 tyrant leeches (Swamp:4)
  5 hornets
  4 blink frogs (Lair:6)
  A hippogriff (Lair:6)
  5 bog bodies
  7 dream sheep (Lair:6)
  A human (D:14)
  4 spriggans
  7 yaks
  4 vampire mosquitoes
  8 swamp worms
  17 insubstantial wisps
  7 swamp drakes
  2 jellies (Lair:6)
  An orc (D:13)
  A plant (Lair:4)
110 creatures vanquished.

Vanquished Creatures (others)
  A swamp worm (Swamp:2)
  An orc wizard (Orc:2)
  3 orcs (D:4)
  A briar patch (Swamp:3)
  A bush (Swamp:4)
  A fire vortex (Lair:2)
  23 fungi
  19 plants
50 creatures vanquished.

Grand Total: 992 creatures vanquished

Notes
Turn   | Place    | Note
-------+----------+-------------------------------------------
     0 | D:1      | Masnef the Spriggan Enchanter began the quest for the Orb.
     0 | D:1      | Reached XP level 1. HP: 9/9 MP: 5/5
     0 | D:1      | Noticed a formicid
     0 | D:1      | Noticed a centaur
     1 | D:1      | Noticed an elf
     5 | D:1      | Noticed a vine stalker
     7 | D:1      | Noticed an octopode
     8 | D:1      | Noticed a spriggan
    10 | D:1      | Noticed an octopode
    10 | D:1      | Noticed a naga
    12 | D:1      | Noticed an elf
    12 | D:1      | Noticed a dwarf
    13 | D:1      | Noticed a minotaur
    15 | D:1      | Noticed a human
    17 | D:1      | Noticed an elf
    17 | D:1      | Noticed a naga
    23 | D:1      | Noticed a minotaur
   418 | D:1      | Reached skill level 5 in Stealth
   418 | D:1      | Reached XP level 2. HP: 11/13 MP: 6/6
   729 | D:1      | Learned a level 2 spell: Ensorcelled Hibernation
  1472 | D:2      | Found a burning altar of Makhleb.
  1483 | D:2      | Reached XP level 3. HP: 16/16 MP: 8/8
  1545 | D:2      | Found a runed door.
  1583 | D:2      | Found a shattered altar of Ashenzari.
  1963 | D:2      | Reached XP level 4. HP: 19/21 MP: 6/9
  2182 | D:2      | Noticed Crazy Yiuf
  2187 | D:2      | Killed Crazy Yiuf
  2330 | D:3      | Noticed raetorn's ghost (amateur VSBe)
  2352 | D:3      | Learned a level 3 spell: Confuse
  2367 | D:3      | Killed raetorn's ghost
  2367 | D:3      | Reached XP level 5. HP: 21/24 MP: 3/10
  2523 | D:3      | Found a shadowy altar of Dithmenos.
  2648 | D:2      | Reached skill level 5 in Short Blades
  3066 | D:3      | Found a deep blue altar of Sif Muna.
  3068 | D:3      | Found a bloodstained altar of Trog.
  3226 | D:4      | Noticed Duvessa
  3226 | D:4      | Noticed Dowan
  3231 | D:4      | Killed Duvessa
  3231 | D:4      | Reached skill level 3 in Spellcasting
  3231 | D:4      | Reached XP level 6. HP: 28/28 MP: 8/11
  3242 | D:4      | Killed Dowan
  3657 | D:4      | Found a sparkling altar of Nemelex Xobeh.
  3940 | D:4      | Noticed a slave
  3973 | D:4      | Reached XP level 7. HP: 28/32 MP: 6/13
  4232 | D:4      | Noticed Kohma's ghost (amateur HaHu)
  4259 | D:4      | Killed Kohma's ghost
  4397 | D:4      | Noticed Pikel
  4404 | D:4      | Killed Pikel
  4404 | D:4      | Reached skill level 4 in Spellcasting
  4404 | D:4      | Reached skill level 5 in Hexes
  4404 | D:4      | Reached XP level 8. HP: 21/36 MP: 10/16
  4766 | D:4      | Reached skill level 5 in Spellcasting
  4976 | D:5      | Entered Level 5 of the Dungeon
  4976 | D:5      | Found a glowing drain.
  4986 | Sewer    | Entered a sewer
  5204 | Sewer    | Got a warped scythe
  5247 | Sewer    | Learned a level 3 spell: Dazzling Spray
  5316 | D:4      | Reached skill level 10 in Stealth
  6282 | D:5      | Found a staircase to the Ecumenical Temple.
  6291 | Temple   | Entered the Ecumenical Temple
  6371 | D:5      | Reached XP level 9. HP: 27/39 MP: 16/18
  6568 | D:6      | Reached skill level 5 in Dodging
  6714 | D:6      | Reached skill level 6 in Spellcasting
  7803 | D:6      | Found an ancient bone altar of Kikubaaqudgha.
  7815 | D:6      | Became a worshipper of Kikubaaqudgha
  7849 | D:6      | Reached skill level 1 in Shields
  7877 | D:6      | Found a basalt altar of Yredelemnul.
  8465 | D:7      | Reached skill level 1 in Necromancy
  8502 | D:7      | Noticed nawrastar's ghost (novice GnSk)
  8513 | D:7      | Killed nawrastar's ghost
  8513 | D:7      | Reached skill level 7 in Spellcasting
  8688 | D:7      | Reached XP level 10. HP: 35/44 MP: 15/22
  8750 | D:7      | Found a sacrificial altar of Ru.
  9142 | D:8      | Noticed Kohma's ghost (novice MiFi)
  9651 | D:8      | Reached * piety under Kikubaaqudgha
  9651 | D:8      | Identified Kikubaaqudgha's Incunabulum of Darkness (Kikubaaqudgha gifted it to you on level 8 of the Dungeon)
  9651 | D:8      | Received a gift from Kikubaaqudgha
  9681 | D:8      | Killed Kohma's ghost
  9681 | D:8      | Reached skill level 8 in Spellcasting
 10062 | D:8      | Found a staircase to the Lair.
 10444 | D:9      | Reached skill level 9 in Spellcasting
 11109 | D:9      | Reached ** piety under Kikubaaqudgha
 11188 | D:9      | Found a hide-covered altar of Uskayaw.
 11281 | D:9      | Reached skill level 10 in Spellcasting
 11653 | D:9      | Found a radiant altar of Vehumet.
 11716 | D:9      | Found a blossoming altar of Fedhas.
 11913 | D:9      | Found a staircase to the Orcish Mines.
 12141 | D:10     | Entered Level 10 of the Dungeon
 12521 | D:10     | Reached *** piety under Kikubaaqudgha
 12521 | D:10     | Identified Kikubaaqudgha's Disquisition on Evil (Kikubaaqudgha gifted it to you on level 10 of the Dungeon)
 12521 | D:10     | Received a gift from Kikubaaqudgha
 12521 | D:10     | Reached skill level 5 in Necromancy
 12569 | D:10     | Reached XP level 11. HP: 47/47 MP: 16/26
 14183 | D:11     | Reached skill level 5 in Shields
 14220 | D:11     | Found a shattered altar of Ashenzari.
 14409 | D:11     | Reached **** piety under Kikubaaqudgha
 15500 | D:12     | Reached skill level 1 in Fighting
 15890 | D:12     | Reached ***** piety under Kikubaaqudgha
 16067 | D:12     | Noticed a two-headed ogre
 16081 | D:12     | Killed a two-headed ogre
 16081 | D:12     | Reached XP level 12. HP: 47/54 MP: 18/27
 16436 | Lair:1   | Entered Level 1 of the Lair of Beasts
 16638 | Lair:1   | Learned a level 5 spell: Agony
 17209 | Lair:2   | Reached skill level 10 in Hexes
 17259 | Lair:2   | Found a staircase to the Swamp.
 17362 | Lair:2   | Reached skill level 1 in Conjurations
 17765 | Lair:2   | Reached skill level 1 in Ice Magic
 18461 | Lair:2   | Got a thick robe
 18462 | Lair:2   | Identified the +1 robe "Xuinoog" {-Tele rF++ Str+4} (You found it on level 2 of the Lair of Beasts)
 18688 | Lair:3   | Found a labyrinth entrance.
 18697 | Lab      | Entered a labyrinth
 19193 | Lab      | Noticed a minotaur
 19218 | Lab      | Killed a minotaur
 19229 | Lab      | Identified Sif Muna's Incunabulum of Ghastly Creation
 19721 | Lair:3   | Learned a level 4 spell: Animate Dead
 19727 | Lair:3   | Learned a level 5 spell: Borgnjor's Vile Clutch
 19733 | Lair:3   | Learned a level 5 spell: Bolt of Draining
 19733 | Lair:3   | Identified a scroll of acquirement
 20163 | Lair:4   | Reached skill level 1 in Earth Magic
 20619 | Lair:4   | Found a staircase to the Snake Pit.
 21208 | Lair:5   | Noticed a six-headed hydra
 21229 | Lair:5   | Found a shimmering altar of Xom.
 21246 | Lair:5   | Killed a six-headed hydra
 21246 | Lair:5   | Reached XP level 13. HP: 61/61 MP: 5/28
 21769 | Lair:5   | Noticed an entropy weaver
 21770 | Lair:5   | Noticed an entropy weaver
 21836 | Lair:5   | Killed an entropy weaver
 21983 | Lair:5   | Killed an entropy weaver
 21983 | Lair:5   | Reached skill level 11 in Spellcasting
 22449 | Lair:5   | Reached ****** piety under Kikubaaqudgha
 23117 | Lair:5   | Reached skill level 12 in Spellcasting
 23426 | Lair:5   | Learned a level 6 spell: Invisibility
 23477 | Lair:6   | Entered Level 6 of the Lair of Beasts
 23830 | Lair:6   | Reached skill level 5 in Fighting
 24078 | Lair:6   | Reached skill level 13 in Spellcasting
 24643 | Lair:6   | Reached XP level 14. HP: 68/68 MP: 14/32
 24767 | Lair:6   | Found a staircase to the Slime Pits.
 25232 | Lair:6   | Reached skill level 14 in Spellcasting
 26960 | Lair:6   | Got a scorched golden ring
 26964 | Lair:6   | Identified the ring of Oenomania {-Tele rElec rF+ MR+ Str+3} (You found it on level 6 of the Lair of Beasts)
 27871 | Orc:1    | Entered Level 1 of the Orcish Mines
 27872 | Orc:1    | Found Qazuon's Food Boutique.
 27938 | Orc:1    | Found a roughly hewn altar of Beogh.
 28229 | Orc:1    | Noticed Erica
 28340 | Orc:1    | Killed Erica
 28522 | Orc:2    | Entered Level 2 of the Orcish Mines
 28548 | Orc:2    | Reached skill level 10 in Necromancy
 29116 | Orc:2    | Noticed an orc warlord
 29524 | Orc:2    | Reached skill level 15 in Spellcasting
 30127 | Orc:2    | Found Beani's Food Shop.
 30137 | Orc:2    | Noticed Blork the orc
 30188 | Orc:2    | Killed Blork the orc
 30577 | Orc:2    | Found a roughly hewn altar of Beogh.
 31063 | Orc:2    | Killed an orc warlord
 31208 | Orc:2    | Found Buiny's Antique Armour Boutique.
 31210 | Orc:2    | Reached XP level 15. HP: 72/72 MP: 18/35
 31222 | Orc:2    | Found Reifuukk's Antique Weapon Boutique.
 31270 | Orc:2    | Found a staircase to the Elven Halls.
 31273 | Orc:2    | Found Maunigy's Book Boutique.
 31281 | Orc:2    | Found Worikhai's General Store.
 31729 | D:13     | Found a shimmering altar of Xom.
 31824 | D:13     | Noticed Peloso's ghost (journeyman MiFi)
 31840 | D:13     | Killed Peloso's ghost
 32342 | D:14     | Found a gate to the Vaults.
 32342 | D:14     | Noticed Nessos
 32342 | D:14     | Noticed Urug
 32342 | D:14     | Noticed Rupert
 32483 | D:14     | Reached skill level 16 in Spellcasting
 32490 | D:14     | Killed Urug
 32522 | D:14     | Killed Nessos
 32738 | D:13     | Reached skill level 1 in Armour
 32968 | D:14     | Killed Rupert
 34292 | D:15     | Entered Level 15 of the Dungeon
 34947 | D:15     | Reached skill level 15 in Stealth
 36105 | D:15     | Found a staircase to the Depths.
 36182 | Depths:1 | Entered Level 1 of the Depths
 36198 | D:15     | Learned a level 6 spell: Simulacrum
 36773 | Swamp:1  | Entered Level 1 of the Swamp
 38016 | Swamp:2  | Reached XP level 16. HP: 74/79 MP: 13/37
 38170 | Swamp:2  | Noticed Jorgrun
 39790 | Swamp:2  | Killed Jorgrun
 40306 | Swamp:3  | Noticed a thorn hunter
 40548 | Swamp:3  | Killed a thorn hunter
 41315 | Swamp:3  | Noticed a thorn hunter
 41329 | Swamp:3  | Killed a thorn hunter
 41617 | Swamp:3  | Got a pitted rapier
 41618 | Swamp:3  | Identified the +5 rapier "Juppun" {freeze, rElec Str+4} (You found it on level 3 of the Swamp)
 41927 | Swamp:4  | Entered Level 4 of the Swamp
 42066 | Swamp:4  | Noticed Aizul
 42068 | Swamp:4  | Killed Aizul
 42288 | Swamp:4  | Noticed the 27-headed Lernaean hydra
 42653 | Swamp:4  | Slain by a six-headed hydra

Skill      XL: |  1  2  3  4  5  6  7  8  9 10 11 12 13 14 15 16 |
---------------+-------------------------------------------------+-----
Stealth        | 5 6 7 8 9 10 12 14 15 | 15.5
Short Blades   | 2 3 4 5 6 7 8 |  8.1
Spellcasting   | 3 4 5 7 10 13 15 16 | 16.6
Hexes          | 4 5 6 7 8 9 10 11 12 | 12.0
Dodging        | 4 6 8 |  8.6
Shields        | 1 3 6 7 |  7.2
Necromancy     | 2 5 7 8 9 10 11 12 | 12.6
Fighting       | 1 4 5 6 7 |  7.5
Conjurations   | 2 3 |  3.0
Ice Magic      | 2 3 4 |  4.9
Earth Magic    | 2 3 |  3.0
Armour         | 3 4 |  4.0

Action                   |  1- 3 |  4- 6 |  7- 9 | 10-12 | 13-15 | 16-18 || total
-------------------------+-------+-------+-------+-------+-------+-------++-------
Melee: Dagger            |   212 |   110 |   339 |  1073 |  1263 |    84 ||  3081
       Rapier            |       |       |       |       |       |    40 ||    40
 Cast: Ensorcelled Hiber |     4 |    27 |    43 |   159 |   188 |    23 ||   444
       Corona            |     2 |       |       |       |       |       ||     2
       Confuse           |       |     2 |    12 |    73 |   171 |    45 ||   303
       Dazzling Spray    |       |       |       |    70 |   192 |     6 ||   268
       Animate Dead      |       |       |       |     1 |    80 |    27 ||   108
       Bolt of Draining  |       |       |       |       |    25 |    23 ||    48
       Agony             |       |       |       |       |     9 |       ||     9
       Invisibility      |       |       |       |       |     2 |     3 ||     5
       Borgnjor's Vile C |       |       |       |       |     5 |    23 ||    28
       Simulacrum        |       |       |       |       |       |     3 ||     3
Invok: Receive Corpses   |       |       |       |       |     6 |    10 ||    16
Evoke: Wand              |       |       |       |       |     1 |       ||     1
  Use: Scroll            |       |       |    17 |    14 |    15 |     1 ||    47
       Potion            |       |       |     1 |     3 |     2 |     2 ||     8
 Stab: Sleeping          |     8 |    18 |    45 |   113 |   114 |    13 ||   311
       Distracted        |     1 |       |     5 |     5 |     7 |       ||    18
       Confused          |       |     2 |     8 |    56 |    96 |    12 ||   174
       Invisible         |       |       |       |     9 |    43 |       ||    52
  Eat: Ration            |       |     2 |     3 |     6 |    11 |     4 ||    26
Armor: Robe              |    18 |     6 |    14 |    33 |    32 |     6 ||   109
       Acid dragon scale |       |       |       |       |    39 |     2 ||    41
Dodge: Dodged            |   177 |    73 |   173 |   563 |   701 |   103 ||  1790
Block: Buckler           |       |       |    35 |   267 |   324 |    37 ||   663
